 Dungeon Crawl Stone Soup version 0.21.1-1-g345015f (webtiles) character file.

896 kae the Insei (level 8, 0/52 HPs)
             Began as an Octopode Transmuter on May 27, 2018.
             Slain by an orc warrior
             ... wielding a +0 glaive
              (18 damage)
             ... on level 5 of the Dungeon.
             The game lasted 00:05:25 (7239 turns).

kae the Insei (Octopode Transmuter)                 Turns: 7239, Time: 00:05:26

Health: 0/52       AC:  2    Str:  9      XL:     8   Next: 7%
Magic:  7/13       EV: 21    Int: 15      God:
Gold:   205        SH:  0    Dex: 14 (20) Spells: 8/14 levels left

rFire    . . .     SeeInvis .     - Unarmed
rCold    . . .     Gourm    .   (shield currently unavailable)
rNeg     . . .     Faith    .   (helmet currently unavailable)
rPois    x         Spirit   .   (no amulet)
rElec    .         Reflect  .   (no ring)
rCorr    .         Harm     .   (no ring)
MR       .....                  (no ring)
Stlth    +.........             (no ring)
HPRegen  0.17/turn              (no ring)
MPRegen  0.13/turn              (no ring)
                                (no ring)
                                (no ring)

@: spider-form
A: tiny, almost no armour, stealthy swim, (amphibious), 8 rings, (constrict 8)
a: End Transformation


You were on level 5 of the Dungeon.
You were very hungry.
You were a venomous arachnid creature.
You visited 1 branch of the dungeon, and saw 5 of its levels.

You collected 205 gold pieces.

Inventory:

Missiles
 a - 22 arrows
Jewellery
 n - an uncursed amulet of harm {unknown}
Scrolls
 d - 2 scrolls of identify {unknown}
 f - a scroll of enchant armour {unknown}
 h - 3 scrolls of teleportation
 j - a scroll of fear {unknown}
 m - a scroll of amnesia {unknown}
Potions
 e - a potion of flight {unknown}
 g - a potion of resistance {unknown}
 i - 3 potions of degeneration {unknown}
 k - 4 potions of heal wounds
 l - a potion of berserk rage {unknown}
 o - a potion of curing {unknown}
 p - a potion of might
Books
 b - a book of Changes

   Spells                             Type                      Level
   a - Beastly Appendage              Transmutation                1
   b - Sticks to Snakes               Transmutation                2
   c - Spider Form                    Transmutation/Poison         3
   d - Ice Form                       Ice/Transmutation            4
   e - Blade Hands                    Transmutation                5
Comestibles
 c - 6 rations


   Skills:
 + Level 3.3 Fighting
 + Level 3.8 Dodging
 * Level 5.6 Unarmed Combat
 + Level 3.5 Spellcasting
 * Level 5.1 Transmutations


You had 8 spell levels left.
You knew the following spells:

 Your Spells              Type           Power        Failure   Level  Hunger
a - Beastly Appendage     Tmut           ###...       9%          1    None
b - Sticks to Snakes      Tmut           ###.....     12%         2    ##.....
c - Spider Form           Tmut/Pois      ##........   41%         3    ###....


Dungeon Overview and Level Annotations

Branches:
Dungeon (5/15)
 Temple: D:4-7

Altars:
Fedhas
Hepliaklqana
Ru
Trog
Vehumet
Wu Jian
Xom
Yredelemnul


Innate Abilities, Weirdness & Mutations

You cannot wear most types of armour.
You are very stealthy in the water. (Stealth+)
((You are amphibious.))
You can wear up to eight rings at the same time.
((You can use your tentacles to constrict eight enemies at once.))
((Your skin changes colour to match your surroundings (Stealth+).))
((Your rubbery body absorbs attacks. (AC +1, EV +1)))


Message History

Confirm with . or Enter, or press ? or * to list all spells.
You create a snake!
You now have 22 arrows.
The orc warrior misses you.
You hit the orc warrior.
The orc warrior is poisoned.
The orc warrior is lightly wounded.
The orc warrior completely misses you.
You hit the orc warrior but do no damage.
The orc warrior is lightly wounded.
The orc warrior hits you with a glaive!!
Ouch! That really hurt!
You hit the orc warrior but do no damage.
The orc warrior looks even sicker.
The orc warrior is moderately wounded.
Your ball python barely misses the orc warrior.
Your ball python closely misses the orc warrior.
You closely miss the orc warrior.
The orc warrior is moderately wounded.
Your ball python closely misses the orc warrior. x2
The orc warrior hits you with a glaive!!
You die...

............# ...... ...
............#
#.......... ...
>...........####....
.....#+##...
....####...........#
#.......... ....
...........# #..........
..........# +..........
..........# #..........
......oS..# #.....<....
.......s..####..........
########'###....#####'##
..........'....#......#
..........#..).#......#
..........#....'......#
#....####)#....##.#####
#....#...)..#####.#####
.... #......# #....'..
.... #......# #....#..


You could see an orc warrior and a friendly ball python.

Vanquished Creatures
  An orc warrior (D:4)
  2 ogres (D:4)
  2 scorpions
  A howler monkey (D:4)
  A quasit (D:5)
  3 orc wizards
  Natasha (thrice) (D:3)
  3 worker ants (D:4)
  4 gnolls (D:3)
  5 adders
  2 oozes (D:1)
  7 worms
  4 dart slugs
  5 leopard geckos
  15 orcs
  6 giant cockroaches
  10 hobgoblins
  5 jackals
  A quokka (D:4)
  2 ball pythons
  7 bats
  6 frilled lizards
  8 goblins
  9 kobolds
  14 rats
126 creatures vanquished.

Notes
Turn   | Place    | Note
-------+----------+-------------------------------------------
     0 | D:1      | kae the Octopode Transmuter began the quest for the Orb.
     0 | D:1      | Reached XP level 1. HP: 13/13 MP: 3/3
   211 | D:1      | Reached XP level 2. HP: 11/18 MP: 5/5
   691 | D:1      | Reached XP level 3. HP: 18/23 MP: 6/6
  1763 | D:2      | Reached XP level 4. HP: 18/28 MP: 5/7
  1914 | D:2      | Found a bloodstained altar of Trog.
  3083 | D:3      | Reached XP level 5. HP: 25/34 MP: 8/8
  3268 | D:3      | Noticed Natasha
  3275 | D:3      | Killed Natasha
  3793 | D:3      | Found an ornate altar of the Wu Jian Council.
  3825 | D:3      | Noticed Natasha
  3830 | D:3      | Killed Natasha
  3840 | D:3      | Noticed Natasha
  3849 | D:3      | Killed Natasha
  3849 | D:3      | Reached XP level 6. HP: 11/39 MP: 7/10
  4148 | D:3      | Found a radiant altar of Vehumet.
  4148 | D:3      | Found a blossoming altar of Fedhas.
  4148 | D:3      | Found a hazy altar of Hepliaklqana.
  4148 | D:3      | Found a shimmering altar of Xom.
  4155 | D:3      | Found a basalt altar of Yredelemnul.
  4155 | D:3      | Found a sacrificial altar of Ru.
  4688 | D:4      | Noticed a phantom
  5099 | D:3      | Learned a level 2 spell: Sticks to Snakes
  5103 | D:3      | Learned a level 3 spell: Spider Form
  5828 | D:4      | Noticed an orc warrior
  5855 | D:4      | Reached XP level 7. HP: 42/45 MP: 11/11
  5861 | D:4      | Reached skill level 5 in Unarmed Combat
  6621 | D:5      | Entered Level 5 of the Dungeon
  6629 | D:5      | Reached skill level 5 in Transmutations
  7055 | D:5      | Reached XP level 8. HP: 37/52 MP: 13/13
  7239 | D:5      | Slain by an orc warrior

Skill      XL: |  1  2  3  4  5  6  7 |
---------------+----------------------+-----
Transmutations | 3 4 5 |  5.1
Unarmed Combat | 4 5 |  5.6
Fighting       | 2 3 |  3.3
Dodging        | 3 |  3.8
Spellcasting   | 3 |  3.5

Action                   |  1- 3 |  4- 6 |  7- 9 || total
-------------------------+-------+-------+-------++-------
Melee: Unarmed           |    89 |   205 |    71 ||   365
       Tentacles         |    11 |    31 |    13 ||    55
       Constrict         |    26 |    42 |    17 ||    85
       Kick              |     9 |    50 |    12 ||    71
       Punch             |       |     6 |     2 ||     8
 Cast: Beastly Appendage |    10 |    28 |     6 ||    44
       Sticks to Snakes  |       |     3 |     2 ||     5
       Spider Form       |       |     1 |     2 ||     3
  Use: Scroll            |     2 |       |       ||     2
       Potion            |       |     3 |       ||     3
 Stab: Sleeping          |     7 |    10 |     3 ||    20
  Eat: Chunk             |     2 |    14 |     4 ||    20
Armor: Skin              |     7 |    11 |     2 ||    20
Dodge: Dodged            |    56 |   117 |    40 ||   213
